Map: Port Aleksander EC

Players

AlphaÄffchen

  • Race: Terran Terran
  • League: Diamond
  • Spawn Location: 5:00

Sorandom - Winner!

  • Race: Zerg Zerg
  • League: Diamond
  • Spawn Location: 11:00

VOD

Have the link to the VOD?

Description

Time

  • Played on: April 4, 2019, 6:58 p.m.
  • Length: 13:07
Show
View Real Time Build Order
Export as new Build Order

AlphaÄffchen Terran 

Build Orders: Gas First Reaper Expand 

Get SALT Encoding   

  12  0:01  SCV  
  13  0:13  SCV  
  14  0:18  Supply Depot  
  14  0:25  SCV  
  15  0:29  Refinery  
  15  0:40  SCV  
  16  0:46  Barracks  
  16  0:52  SCV  
  17  1:04  SCV  
  18  1:16  SCV  
  19  1:34  Reaper, Orbital Command  
  20  1:51  Command Center  
  20  2:03  Factory  
  20  2:06  Barracks Reactor  
  20  2:16  SCV  
  20  2:17  Refinery  
  21  2:26  Supply Depot  
  21  2:30  SCV  
  22  2:42  SCV  
  23  2:54  SCV  
  25  2:58  Hellion  
  25  2:59  Hellion  
  25  3:02  Starport  
  27  3:06  SCV  
  28  3:12  Orbital Command  
  28  3:18  SCV  
  28  3:19  Hellion  
  31  3:28  Hellion  
  31  3:30  SCV  
  34  3:38  Viking  
  36  3:43  SCV  
  36  3:46  Armory  
  37  3:53  SCV  
  37  3:55  Supply Depot, SCV  
  39  4:05  SCV  
  39  4:08  SCV  
  41  4:17  SCV  
  41  4:20  SCV  
  43  4:29  SCV  
  43  4:31  Medivac  
  46  4:32  SCV  
  46  4:35  Hellion x2, Terran Vehicle Weapons Level 1  
  46  4:36  Barracks Tech Lab  
  51  4:40  Refinery  
  51  4:41  SCV  
  51  4:42  Refinery  
  51  4:44  SCV  
  53  4:48  Supply Depot  
  53  4:53  SCV  
  54  5:04  Supply Depot  
  54  5:09  SCV x2  
  54  5:10  Marauder, Hellion x2  
  62  5:16  Concussive Shells  
  62  5:31  Marauder, Hellion x2  
  68  5:52  Hellion  
  68  5:56  Supply Depot  
  70  5:59  Supply Depot  
  70  6:01  Liberator  
  70  6:11  Factory  
  70  6:13  Command Center  
  70  6:15  Factory  
  61  6:32  Hellion x2  
  57  6:43  Liberator  
  55  6:53  Hellion x2  
  53  6:55  Factory  
  56  7:10  Factory Tech Lab  
  56  7:14  Factory Tech Lab  
  56  7:15  Hellion x2, Factory  
  60  7:18  SCV x2  
  62  7:28  Terran Vehicle And Ship Armor Level 1  
  62  7:29  Engineering Bay  
  62  7:30  SCV x2  
  62  7:31  Thor  
  62  7:36  Hellion  
  72  7:42  SCV  
  72  7:43  Medivac  
  71  7:52  Factory Tech Lab  
  71  7:53  Supply Depot  
  71  8:00  Hellion x3  
  71  8:01  Hellion  
  71  8:04  Missile Turret  
  75  8:06  Missile Turret  
  75  8:10  Missile Turret, Orbital Command  
  75  8:11  Missile Turret  
  75  8:13  Medivac, Missile Turret  
  75  8:14  Cyclone  
  80  8:21  Missile Turret  
  80  8:37  Thor x2  
  92  8:43  Medivac  
  88  8:56  Hellion x2, Thor  
  96  9:09  Missile Turret x2  
  96  9:15  Cyclone  
  99  9:17  Hellion x2  
  99  9:20  Cyclone x2  
  99  9:26  Orbital Command  
  99  9:39  Hellion  
  99  9:44  Refinery  
  101  9:48  Siege Tank x2  
  101  9:49  Hellion  
  101  9:50  Refinery  
  109  10:11  Hellion x3  
  109  10:20  Thor  
  109  10:37  Cyclone x2  
  115  10:44  Supply Depot, SCV x2  
  115  10:47  Command Center  
  117  10:52  Infernal Pre-Igniter  
  117  10:56  SCV, Thor  
  122  11:08  Hellion x3  
  91  11:35  Hellbat x2, Hellion, Thor  
  91  11:36  Hellion  
  93  11:58  Missile Turret  
  85  12:23  Thor x3  
  103  12:48  SCV  
  103  12:50  Command Center  
Show
View Real Time Build Order
Export as new Build Order

Sorandom Zerg - Winner!

Build Orders: Pool First, Muta Ling Bane 

Get SALT Encoding   

  12  0:12  Drone x2  
  14  0:20  Overlord  
  14  0:39  Drone x2  
  16  0:47  Spawning Pool, Drone  
  16  0:56  Drone  
  17  1:08  Overlord  
  17  1:21  Hatchery  
  17  1:24  Drone  
  17  1:26  Extractor  
  16  1:34  Zergling x2  
  16  1:39  Queen  
  19  1:43  Drone  
  20  1:50  Drone  
  21  2:02  Drone  
  22  2:15  Drone  
  23  2:21  Drone  
  24  2:29  Hatchery  
  23  2:30  Queen  
  25  2:38  Drone  
  25  2:39  Drone  
  27  2:49  Queen  
  29  2:53  Drone x2  
  31  3:01  Drone x2  
  33  3:09  Drone x3  
  36  3:15  Overlord  
  36  3:19  Metabolic Boost  
  36  3:31  Overlord  
  36  3:33  Queen  
  38  3:42  Lair  
  38  3:44  Zergling x4, Drone  
  41  3:49  Drone x2  
  41  3:54  Zergling x4  
  41  3:55  Zergling x2  
  47  4:10  Drone x8  
  47  4:15  Extractor  
  47  4:16  Extractor  
  51  4:24  Baneling Nest  
  51  4:29  Overlord  
  50  4:36  Drone x8  
  58  4:41  Overlord  
  58  5:02  Drone  
  58  5:03  Drone x7  
  58  5:05  Overlord  
  66  5:08  Centrifical Hooks  
  66  5:12  Evolution Chamber  
  65  5:14  Spire  
  65  5:16  Drone x2  
  65  5:17  Evolution Chamber  
  65  5:18  Overlord  
  65  5:27  Extractor, Spore Crawler  
  63  5:32  Zergling x12  
  63  5:34  Overseer  
  69  5:40  Spore Crawler, Drone x3  
  69  5:41  Drone  
  69  5:42  Drone  
  73  5:44  Overlord  
  73  5:48  Baneling x5  
  73  5:50  Zergling x2  
  74  5:57  Zergling x10  
  74  5:58  Zergling x2  
  74  6:03  Zergling x8  
  84  6:06  Zergling x2  
  85  6:11  Zergling x2  
  85  6:14  Overlord  
  86  6:24  Zergling x4  
  73  6:29  Zergling x2  
  73  6:30  Zergling x2  
  70  6:36  Zergling x2  
  71  6:45  Zergling x6  
  72  6:50  Queen x2  
  72  6:51  Queen  
  72  6:54  Extractor  
  77  6:56  Extractor  
  77  6:59  Zerg Melee Weapons Level 1, Zerg Ground Armor Level 1  
  76  7:01  Zerg Flyer Weapons Level 1  
  76  7:02  Mutalisk  
  76  7:03  Mutalisk x3  
  76  7:05  Baneling x2  
  76  7:06  Baneling  
  76  7:08  Hatchery  
  83  7:14  Drone x3  
  86  7:17  Drone x2  
  88  7:38  Zergling x2  
  88  7:39  Zergling x10  
  94  7:44  Drone x2  
  94  7:48  Drone  
  97  7:53  Baneling x11  
  97  7:54  Zergling x2, Baneling x3  
  98  8:13  Spine Crawler  
  98  8:15  Zergling x2  
  98  8:16  Overlord x3  
  98  8:17  Overlord x8  
  98  8:20  Spine Crawler  
  94  8:29  Spore Crawler  
  94  8:32  Drone  
  94  8:33  Spore Crawler, Drone x8  
  101  8:38  Drone x2  
  101  8:39  Drone  
  104  8:47  Extractor, Spore Crawler  
  101  8:49  Extractor  
  96  8:56  Zerg Flyer Armor Level 1  
  96  8:57  Mutalisk x2  
  96  8:58  Mutalisk x6  
  112  9:08  Drone x7  
  119  9:12  Spore Crawler  
  118  9:20  Zergling x12  
  118  9:22  Zerg Melee Weapons Level 2  
  124  9:44  Spine Crawler, Mutalisk x5  
  124  9:45  Mutalisk x2  
  137  9:56  Zergling x16  
  141  10:18  Mutalisk x5  
  141  10:19  Mutalisk  
  151  10:26  Corruptor  
  147  10:29  Zergling x22  
  158  10:38  Infestation Pit  
  158  10:39  Overlord  
  158  10:40  Overlord  
  157  10:45  Drone x4  
  161  10:50  Zergling x2  
  161  10:51  Zergling x2  
  163  10:59  Corruptor x4  
  171  11:13  Zergling x2  
  171  11:14  Zergling x12  
  158  11:28  Zergling x18  
  158  11:29  Zergling x6  
  147  11:34  Zergling x4  
  144  11:45  Zergling x12  
  146  11:57  Zergling x2  
  146  11:58  Zergling x6  
  146  12:00  Drone  
  147  12:18  Zergling x2  
  147  12:19  Zergling x12  
  152  12:26  Queen x3  
  158  12:46  Drone x2  
  158  12:47  Drone x11  
Tags
 
Add a new tag
Caveats
  • Supply blocks, unpowered buildings, or Contaminate may cause inaccurate times.
  • Supply counts are checked every 10 seconds.